BSA
ORLANDO CALRISSIAN @ HENDERSONVILLE HITMEN
09/12/2025
 
TOP OF THE 1ST
Orlando Calrissian batting - Pitching for Hendersonville Hitmen : RHP Carlos Hernández
Pitching: RHP Carlos Hernández
Batting: SHB Ryobe Yamamoto 0-0: Ball
1-0: Foul Ball, location: 2F
1-1: Called Strike
1-2: Foul Ball, location: 2F
1-2: Ball
2-2: Ground out 3-1 (Groundball, 34)
Batting: SHB Tim Abbott 0-0: Called Strike
0-1: Called Strike
0-2: Foul Ball, location: 2F
0-2: Strikes out swinging
Batting: LHB Santiago Márquez 0-0: Foul Ball, location: 2F
0-1: Foul Ball, location: 2F
0-2: Ball
1-2: Fly out, F8 (Flyball, 8RM)
Top of the 1st over - 0 run(s), 0 hit(s), 0 error(s), 0 left on base; Orlando 0 - Hendersonville 0
BOTTOM OF THE 1ST
Hendersonville Hitmen batting - Pitching for Orlando Calrissian : RHP Armando Pérez
Pitching: RHP Armando Pérez
Batting: RHB Junior Vargas 0-0: Ball
1-0: Called Strike
1-1: Swinging Strike
1-2: Ground out U3 (Groundball, 3S)
Batting: RHB Felipe Rivera 0-0: Called Strike
0-1: Swinging Strike
0-2: Ball
1-2: Ball
2-2: Foul Ball, location: 2F
2-2: Strikes out swinging
Batting: RHB Manolo Román 0-0: Ball
1-0: Called Strike
1-1: SINGLE (Line Drive, 7LM)
Batting: LHB Tony Abete 0-0: Ball
1-0: Swinging Strike
1-1: Ball
2-1: Ball
3-1: Swinging Strike
3-2: Foul Ball, location: 2F
3-2: Base on Balls
Manolo Román to second
Batting: SHB Tony López 0-0: Ball
1-0: SINGLE (Line Drive, 3D)
Manolo Román to third
Tony Abete to second
Runner from 3rd tries for Home, SAFE, no throw or cutoff
Batting: LHB Jerry Johnston 0-0: Ball
1-0: Called Strike
1-1: Fly out, F9 (Flyball, 89D)
Bottom of the 1st over - 1 run(s), 2 hit(s), 0 error(s), 2 left on base; Orlando 0 - Hendersonville 1
TOP OF THE 2ND
Orlando Calrissian batting - Pitching for Hendersonville Hitmen : RHP Carlos Hernández
Batting: LHB Juan Colón 0-0: Ball
1-0: Fly out, F8 (Flyball, 8RS)
Batting: RHB Rich Anderson 0-0: Ball
1-0: Called Strike
1-1: Ball
2-1: Ground out 5-3 (Groundball, 56)
Batting: RHB Frederico Hernández 0-0: Foul Ball, location: 2F
0-1: Ball
1-1: Swinging Strike
1-2: Ground out 4-3 (Groundball, 34)
Top of the 2nd over - 0 run(s), 0 hit(s), 0 error(s), 0 left on base; Orlando 0 - Hendersonville 1
BOTTOM OF THE 2ND
Hendersonville Hitmen batting - Pitching for Orlando Calrissian : RHP Armando Pérez
Batting: LHB Enrique Nalasco 0-0: Ball
1-0: Called Strike
1-1: Ball
2-1: Swinging Strike
2-2: Ball
3-2: Foul Ball, location: 2F
3-2: Foul Ball, location: 2F
3-2: Fly out, F7 (Line Drive, 7M)
Batting: RHB Robert Buckley 0-0: Ground out 4-3 (Groundball, 4)
Batting: RHB Taylor McFarland 0-0: Ball
1-0: Foul Ball, location: 2F
1-1: Foul Ball, location: 2F
1-2: SINGLE (Line Drive, 34)
Batting: RHB Junior Vargas 0-0: Called Strike
Taylor McFarland is caught stealing 2nd base
Bottom of the 2nd over - 0 run(s), 1 hit(s), 0 error(s), 0 left on base; Orlando 0 - Hendersonville 1
TOP OF THE 3RD
Orlando Calrissian batting - Pitching for Hendersonville Hitmen : RHP Carlos Hernández
Batting: RHB Juan Martínez 0-0: Ground out 4-3 (Groundball, 13)
Batting: LHB Danny Allen 0-0: Ball
1-0: Foul Ball, location: 2F
1-1: SINGLE (Groundball, 34D)
Batting: LHB Bryan Foster 0-0: Fielders Choice at 2nd, 3-6 (Groundball, 3)
Batting: SHB Ryobe Yamamoto 0-0: Ball
1-0: Called Strike
1-1: Foul Ball, location: 2F
1-2: Ball
2-2: Ball
3-2: Base on Balls
Bryan Foster to second
Batting: SHB Tim Abbott 0-0: Called Strike
0-1: Called Strike
0-2: Strikes out swinging
Top of the 3rd over - 0 run(s), 1 hit(s), 0 error(s), 2 left on base; Orlando 0 - Hendersonville 1
BOTTOM OF THE 3RD
Hendersonville Hitmen batting - Pitching for Orlando Calrissian : RHP Armando Pérez
Batting: RHB Junior Vargas 0-0: Foul Ball, location: 2F
0-1: Ball
1-1: Ball
2-1: Fly out, F6 (Line Drive, 6)
Batting: RHB Felipe Rivera 0-0: Ball
1-0: Foul Ball, location: 2F
1-1: Swinging Strike
1-2: Strikes out swinging
Batting: RHB Manolo Román 0-0: Called Strike
0-1: Ground out 5-3 (Groundball, 56S)
Bottom of the 3rd over - 0 run(s), 0 hit(s), 0 error(s), 0 left on base; Orlando 0 - Hendersonville 1
TOP OF THE 4TH
Orlando Calrissian batting - Pitching for Hendersonville Hitmen : RHP Carlos Hernández
Batting: LHB Santiago Márquez 0-0: Ball
1-0: Called Strike
1-1: Ball
2-1: Swinging Strike
2-2: Foul Ball, location: 2F
2-2: SINGLE (Groundball, 4MD)
Batting: LHB Juan Colón 0-0: Foul Ball, location: 2F
0-1: Ball
1-1: 2-RUN HOME RUN (Flyball, 89XD), Distance : 434 ft
Batting: RHB Rich Anderson 0-0: Called Strike
0-1: Foul Ball, location: 2F
0-2: Ball
1-2: Ground out 1-3 (Groundball, 15)
Batting: RHB Frederico Hernández 0-0: Bunt for hit - play at first, batter safe!
Batting: RHB Juan Martínez 0-0: Fly out, F8 (Flyball, 89D)
Batting: LHB Danny Allen 0-0: Ball
1-0: Called Strike
1-1: Ball
2-1: Foul Ball, location: 2F
2-2: Foul Ball, location: 2F
2-2: Ball
3-2: Foul Ball, location: 2F
3-2: Foul Ball, location: 2F
3-2: Base on Balls
Frederico Hernández to second
Batting: LHB Bryan Foster 0-0: Called Strike
0-1: Ground out 1-3 (Groundball, 13)
Top of the 4th over - 2 run(s), 3 hit(s), 0 error(s), 2 left on base; Orlando 2 - Hendersonville 1
BOTTOM OF THE 4TH
Hendersonville Hitmen batting - Pitching for Orlando Calrissian : RHP Armando Pérez
Batting: LHB Tony Abete 0-0: Called Strike
0-1: Ground out 4-3 (Groundball, 4M)
Batting: SHB Tony López 0-0: Called Strike
0-1: Ball
1-1: Called Strike
1-2: Ball
2-2: Ground out 3-1 (Groundball, 34)
Batting: LHB Jerry Johnston 0-0: Ball
1-0: Ball
2-0: Foul Ball, location: 2F
2-1: Fly out, F9 (Flyball, 8RM)
Bottom of the 4th over - 0 run(s), 0 hit(s), 0 error(s), 0 left on base; Orlando 2 - Hendersonville 1
TOP OF THE 5TH
Orlando Calrissian batting - Pitching for Hendersonville Hitmen : RHP Carlos Hernández
Batting: SHB Ryobe Yamamoto 0-0: Called Strike
0-1: Called Strike
0-2: Strikes out swinging
Batting: SHB Tim Abbott 0-0: Ball
1-0: Called Strike
1-1: Ball
2-1: Ball
3-1: Called Strike
3-2: Strikes out swinging
Batting: LHB Santiago Márquez 0-0: Ball
1-0: Ball
2-0: Ball
3-0: Base on Balls
Batting: LHB Juan Colón 0-0: Ball
1-0: Fly out, F7 (Flyball, 78S)
Top of the 5th over - 0 run(s), 0 hit(s), 0 error(s), 1 left on base; Orlando 2 - Hendersonville 1
BOTTOM OF THE 5TH
Hendersonville Hitmen batting - Pitching for Orlando Calrissian : RHP Armando Pérez
Batting: LHB Enrique Nalasco 0-0: Fly out, F9 (Flyball, 89S)
Batting: RHB Robert Buckley 0-0: Ball
1-0: Called Strike
1-1: Swinging Strike
1-2: Ball
2-2: Strikes out looking
Batting: RHB Taylor McFarland 0-0: Called Strike
0-1: Ball
1-1: Ball
2-1: Foul Ball, location: 2F
2-2: Strikes out looking
Bottom of the 5th over - 0 run(s), 0 hit(s), 0 error(s), 0 left on base; Orlando 2 - Hendersonville 1
TOP OF THE 6TH
Orlando Calrissian batting - Pitching for Hendersonville Hitmen : RHP Carlos Hernández
Batting: RHB Rich Anderson 0-0: Ball
1-0: Ball
2-0: Foul Ball, location: 2F
2-1: TRIPLE (Groundball, 5L)
Batting: RHB Frederico Hernández 0-0: Intentional Walk
Batting: RHB Juan Martínez 0-0: Called Strike
0-1: Ground out 5-3 (Groundball, 56S)
Frederico Hernández to second
Batting: LHB Danny Allen 0-0: Intentional Walk
Batting: LHB Bryan Foster 0-0: Foul Ball, location: 2F
0-1: Swinging Strike
0-2: Foul Ball, location: 2F
0-2: Ball
1-2: Grounds into double play, 4-6-3 (Groundball, 4)
Top of the 6th over - 0 run(s), 1 hit(s), 0 error(s), 2 left on base; Orlando 2 - Hendersonville 1
BOTTOM OF THE 6TH
Hendersonville Hitmen batting - Pitching for Orlando Calrissian : RHP Armando Pérez
Batting: RHB Junior Vargas 0-0: Ground out 3-1 (Groundball, 34)
Batting: RHB Felipe Rivera 0-0: Called Strike
0-1: Ground out 4-3 (Groundball, 4)
Batting: RHB Manolo Román 0-0: Swinging Strike
0-1: Ground out 6-3 (Groundball, 6)
Bottom of the 6th over - 0 run(s), 0 hit(s), 0 error(s), 0 left on base; Orlando 2 - Hendersonville 1
TOP OF THE 7TH
Orlando Calrissian batting - Pitching for Hendersonville Hitmen : RHP Carlos Hernández
Pitching: RHP Francisco Carrasco
Batting: SHB Ryobe Yamamoto 0-0: Called Strike
0-1: Called Strike
0-2: Ball
1-2: Ground out 4-3 (Groundball, 4)
Batting: SHB Tim Abbott 0-0: Ground out 4-3 (Groundball, 34)
Batting: LHB Santiago Márquez 0-0: Ball
1-0: Ball
2-0: Foul Ball, location: 2F
2-1: Ball
3-1: Base on Balls
Batting: LHB Juan Colón 0-0: Ball
1-0: Foul Ball, location: 2F
1-1: Foul Ball, location: 2F
1-2: Foul Ball, location: 2F
1-2: Foul Ball, location: 2F
1-2: Strikes out swinging
Top of the 7th over - 0 run(s), 0 hit(s), 0 error(s), 1 left on base; Orlando 2 - Hendersonville 1
BOTTOM OF THE 7TH
Hendersonville Hitmen batting - Pitching for Orlando Calrissian : RHP Armando Pérez
Batting: LHB Tony Abete 0-0: Ball
1-0: Ground out 4-3 (Groundball, 34)
Batting: SHB Tony López 0-0: Ball
1-0: SINGLE (Groundball, 34D) (infield hit)
Batting: LHB Jerry Johnston 0-0: Ball
1-0: Ball
2-0: DOUBLE (Line Drive, 3D)
Tony López to third
Pinch Hitting: SHB David Johnstone 0-0: Called Strike
0-1: Foul Ball, location: 2F
0-2: SINGLE (Groundball, 3L)
Tony López scores
Jerry Johnston to third
Runner from 3rd tries for Home, SAFE, throw made home
David Johnstone to second
Batting: RHB Robert Buckley 0-0: Swinging Strike
0-1: Ball
1-1: Ball
2-1: Ball
3-1: DOUBLE (Flyball, 89XD)
David Johnstone scores
Batting: RHB Taylor McFarland 0-0: Ball
1-0: Foul Ball, location: 2F
1-1: Ball
2-1: Ball
3-1: Ground out 1-3 (Groundball, 13)
Robert Buckley to third
Batting: RHB Junior Vargas 0-0: Ball
1-0: Ball
2-0: Called Strike
2-1: DOUBLE (Flyball, 7LD)
Robert Buckley scores
Batting: RHB Felipe Rivera 0-0: Called Strike
0-1: Ball
1-1: Ball
2-1: Foul Ball, location: 2F
2-2: Foul Ball, location: 2F
2-2: SINGLE (Groundball, 56)
Junior Vargas to third
Runner from 3rd tries for Home, SAFE, no throw or cutoff
Pitching: RHP León Gómez
Batting: RHB Manolo Román 0-0: Ball
1-0: Foul Ball, location: 2F
1-1: Ball
2-1: Ball
3-1: Foul Ball, location: 2F
3-2: Strikes out looking
Bottom of the 7th over - 5 run(s), 6 hit(s), 0 error(s), 1 left on base; Orlando 2 - Hendersonville 6
TOP OF THE 8TH
Orlando Calrissian batting - Pitching for Hendersonville Hitmen : RHP Francisco Carrasco
Now in LF: David Johnstone
Batting: RHB Rich Anderson 0-0: Ball
1-0: Ball
2-0: Called Strike
2-1: Called Strike
2-2: Ground out 5-3 (Groundball, 56S)
Batting: RHB Frederico Hernández 0-0: Called Strike
0-1: Foul Ball, location: 2F
0-2: Ball
1-2: Ball
2-2: Ball
3-2: Foul Ball, location: 2F
3-2: Foul Ball, location: 2F
3-2: Fly out, F9 (Flyball, 9M)
Batting: RHB Juan Martínez 0-0: Foul Ball, location: 2F
0-1: Called Strike
0-2: Ball
1-2: Ball
2-2: Ball
3-2: Foul Ball, location: 2F
3-2: Base on Balls
Pitching: RHP Edward Cadle
Batting: LHB Danny Allen 0-0: Called Strike
0-1: Foul Ball, location: 2F
0-2: Ball
1-2: Fielders Choice at 2nd, 6-4 (Groundball, 6)
Top of the 8th over - 0 run(s), 0 hit(s), 0 error(s), 0 left on base; Orlando 2 - Hendersonville 6
BOTTOM OF THE 8TH
Hendersonville Hitmen batting - Pitching for Orlando Calrissian : RHP León Gómez
Batting: LHB Tony Abete 0-0: Ball
1-0: Fly out, F3 (Line Drive, 3)
Batting: SHB Tony López 0-0: Ball
1-0: Ball
2-0: Foul Ball, location: 2F
2-1: Ground out 4-3 (Groundball, 4)
Batting: LHB Jerry Johnston 0-0: Ground out 4-3 (Groundball, 4S)
Bottom of the 8th over - 0 run(s), 0 hit(s), 0 error(s), 0 left on base; Orlando 2 - Hendersonville 6
TOP OF THE 9TH
Orlando Calrissian batting - Pitching for Hendersonville Hitmen : RHP Edward Cadle
Batting: LHB Bryan Foster 0-0: Ball
1-0: Fly out, F8 (Flyball, 8RXD)
Batting: SHB Ryobe Yamamoto 0-0: Called Strike
0-1: Foul Ball, location: 2F
0-2: Ball
1-2: Ball
2-2: Foul Ball, location: 2F
2-2: Ball
3-2: Foul Ball, location: 2F
3-2: Foul Ball, location: 2F
3-2: Strikes out swinging
Batting: SHB Tim Abbott 0-0: Foul Ball, location: 2F
0-1: Ball
1-1: Foul Ball, location: 2F
1-2: Foul Ball, location: 2F
1-2: Strikes out swinging
Top of the 9th over - 0 run(s), 0 hit(s), 0 error(s), 0 left on base; Orlando 2 - Hendersonville 6
This league is powered by Out of the Park Baseball, the baseball management simulation game for PC, Mac and Linux
Tuesday, August 2nd, 2016 - OOTP Baseball 16.8 Build 38